[Event "Titled Tuesday Blitz June 15 2021"]
[White "Arias, Juan Cruz"]
[Black "Shahaliyev, Ismayil"]
[WhiteFideId "118540"]
[BlackFideId "13406388"]
[WhiteElo "2083"]
[BlackElo "2105"]
[Result "1/2-1/2"]
[Round "05"]
[TimeControl "180+1"]
[Date "2021.06.15"]
[WhiteClock "0:00:14"]
[BlackClock "0:00:15"]

1. d4 Nf6 2. Nf3 e6 3. e3 c5 4. Bd3 cxd4 5. exd4 b6 6. O-O Bb7 7. Bg5 Be7 8. Nbd2 O-O 9. c3 d6 10. Re1 Nbd7 11. Qe2 Re8 12. Ba6 Qc8 13. Bxb7 Qxb7 14. Bxf6 Nxf6 15. Ne4 Nxe4 16. Qxe4 Qxe4 17. Rxe4 b5 18. a3 Kf8 19. Nd2 a5 20. Ree1 Rec8 21. Kf1 d5 22. Nb3 Bd6 23. Rec1 Ke7 24. Ke2 h5 25. g3 g5 26. h3 h4 27. gxh4 gxh4 28. Kf3 Kf6 29. Nd2 b4 30. axb4 axb4 31. Rxa8 Rxa8 32. c4 dxc4 33. Nxc4 Bh2 34. Ne3 Ke7 35. d5 Ra2 36. dxe6 Rxb2 37. exf7 Kxf7 38. Rc6 Be5 39. Ke4 Bc3 40. Nd5 Be1 41. f4 b3 42. Rb6 Re2+ 43. Kf5 b2 44. Nf6 Ke7 45. Ne4 Rc2 46. Ke5 Kd7 47. f5 Kc7 48. Rb3 Bg3+ 49. Kd4 Bf4 50. f6 Bh6 51. Ke5 Re2 52. Kf5 Kc6 53. Kg6 Bf8 54. Ng5 Bc5 55. f7 Kd5 56. Rb5 Kc4 57. Rxc5+ Kxc5 58. f8=Q+ Kc4 59. Qb8 Kd3 60. Qd6+ Kc2 61. Qc5+ Kd1 62. Qd5+ Rd2 63. Qb3+ Kc1 64. Ne4 Rg2+ 65. Kh5 b1=Q 66. Qxb1+ Kxb1 67. Kxh4 Kc2 68. Ng3 Kd3 69. Kg4 Kd4 70. Kf4 Rf2+ 71. Kg5 Ke5 72. h4 Rg2 73. Kg4 Rg1 74. h5 Kf6 75. Kh4 Ra1 76. h6 Ra4+ 77. Kh3 Kg6 78. Kg2 Kxh6 79. Kf3 Kg5 80. Ne4+ Kf5 81. Nf2 Ra3+ 82. Ke2 Kf4 83. Nd3+ Ke4 84. Nf2+ Kd4 85. Ng4 Rg3 86. Nf2 Re3+ 87. Kd2 Rf3 88. Ke2 Rb3 89. Ng4 Ke4 90. Nf2+ Kf4 91. Nd3+ Ke4 92. Nf2+ Kd4 93. Ng4 Ra3 94. Nf2 Re3+ 95. Kd2 Re8 96. Nd3 Rh8 97. Nf2 Rh4 98. Ke2 Ke5 99. Kf3 Rf4+ 100. Ke3 Rf8 101. Nd3+ Kd5 102. Nf4+ Kc4 103. Ke4 Re8+ 104. Kf3 Kd4 105. Ne2+ Kd3 106. Nf4+ Kd2 107. Nd5 Re3+ 108. Nxe3 1/2-1/2


[Site "https://www.chess.com"]

[Event "Titled Tuesday Blitz June 15 2021"]
[White "Assaubayeva, Bibisara"]
[Black "Hansen, Eric"]
[WhiteFideId "13708694"]
[BlackFideId "2606771"]
[WhiteElo "2232"]
[BlackElo "2568"]
[Result "0-1"]
[Round "05"]
[TimeControl "180+1"]
[Date "2021.06.15"]
[WhiteClock "0:00:02"]
[BlackClock "0:00:18"]

1. d4 Nf6 2. c4 e6 3. Nc3 Bb4 4. f3 O-O 5. a3 Bxc3+ 6. bxc3 Nh5 7. Nh3 f5 8. e4 Nc6 9. Be2 d6 10. O-O f4 11. Nf2 e5 12. c5 dxc5 13. Qb3+ Kh8 14. dxc5 Ng3 15. Re1 Nxe2+ 16. Rxe2 Qe7 17. Rd2 Be6 18. Qxb7 Na5 19. Qb5 Nb3 20. Rb1 Rab8 21. Rxb3 Bxb3 22. Qa5 Bc4 23. Rd1 Rb1 24. Qxa7 Rd8 25. Re1 h5 26. Qa4 Qxc5 27. Qa6 0-1


[Site "https://www.chess.com"]

[Event "Titled Tuesday Blitz June 15 2021"]
[White "Balakrishnan, Praveen"]
[Black "Jarmula, Lukasz"]
[WhiteFideId "2064871"]
[BlackFideId "1160664"]
[WhiteElo "2237"]
[BlackElo "2244"]
[Result "1-0"]
[Round "05"]
[TimeControl "180+1"]
[Date "2021.06.15"]
[WhiteClock "0:00:04"]
[BlackClock "0:00:10"]

1. Nf3 c5 2. c4 Nc6 3. Nc3 g6 4. d4 cxd4 5. Nxd4 Bg7 6. Nc2 d6 7. e4 Bxc3+ 8. bxc3 Nf6 9. f3 Be6 10. Be2 Ne5 11. Ne3 Qc7 12. f4 Nc6 13. Nd5 Qa5 14. Qd3 O-O 15. O-O Rac8 16. Rb1 b6 17. Bd2 Nd7 18. Qc2 Bxd5 19. exd5 Qc5+ 20. Kh1 Na5 21. Rb4 f5 22. Bd3 Nf6 23. h3 Rf7 24. Re1 Ne4 25. Be3 Qc7 26. Bd4 Nc5 27. Bf1 Ne4 28. Kh2 Nb7 29. Rbb1 Na5 30. Rb4 Nb7 31. Re3 Nbc5 32. Rb1 h6 33. Rbe1 e5 34. dxe6 Nxe6 35. Bd3 Nxd4 36. cxd4 d5 37. g3 dxc4 38. Bxe4 fxe4 39. Qxe4 Kg7 40. h4 c3 41. Rc1 c2 42. Re2 Qd7 43. Rexc2 Re8 44. Qd3 Rfe7 45. d5 Qg4 46. Rg1 g5 47. fxg5 hxg5 48. d6 Re2+ 49. Rg2 Rxc2 50. Qxc2 Rd8 51. Qc3+ Kg6 52. Qd3+ Kg7 53. Re2 gxh4 54. Re7+ Kf6 55. Qf1+ Kg5 56. Rg7+ Kh5 57. Qf7+ 1-0


[Site "https://www.chess.com"]

[Event "Titled Tuesday Blitz June 15 2021"]
[White "Bluebaum, Matthias"]
[Black "Paravyan, David"]
[WhiteFideId "24651516"]
[BlackFideId "4194985"]
[WhiteElo "2685"]
[BlackElo "2562"]
[Result "1-0"]
[Round "05"]
[TimeControl "180+1"]
[Date "2021.06.15"]
[WhiteClock "0:00:44"]
[BlackClock "0:00:02"]

1. d4 d5 2. c4 e6 3. Nc3 Nf6 4. cxd5 exd5 5. Bg5 c6 6. e3 Bf5 7. Qf3 Bg6 8. Bxf6 Qxf6 9. Qxf6 gxf6 10. Nge2 Nd7 11. h4 h6 12. h5 Bh7 13. Ng3 Bd6 14. f4 Rg8 15. Kf2 Ke7 16. Rd1 Ke6 17. Be2 Rg7 18. Bf3 Rag8 19. Nf1 Bf5 20. Nh2 Ke7 21. g4 Bc2 22. Rd2 Bh7 23. f5 Bxh2 24. Rxh2 Rxg4 25. Bxg4 Rxg4 26. Kf1 Bxf5 27. Rdg2 Rg5 28. Ne2 Be4 29. Rg3 Nf8 30. Kf2 Ne6 31. Nf4 Rf5 32. Rh4 Ng5 33. Ke2 Bb1 34. a3 Ba2 35. Kd3 Bc4+ 36. Kc2 Ne4 37. Rg8 Rg5 38. Rg4 Nf2 39. Rg2 Ne4 40. Rh8 Bf1 41. Rh2 f5 42. Rxh6 Nf6 43. Rh8 Ng4 44. Rh1 Nxe3+ 45. Kd2 Nc4+ 46. Ke1 Bg2 47. Rg1 Rg4 48. Nxg2 f4 49. Kf2 Nd2 50. h6 Ne4+ 51. Kf3 f5 52. h7 Ng5+ 53. Kf2 Nh3+ 54. Kf1 f3 55. Re8+ Kxe8 56. h8=Q+ 1-0


[Site "https://www.chess.com"]

[Event "Titled Tuesday Blitz June 15 2021"]
[White "Bologan, Victor"]
[Black "Martinez Alcantara, Jose Eduardo"]
[WhiteFideId "13900048"]
[BlackFideId "3805662"]
[WhiteElo "2511"]
[BlackElo "2690"]
[Result "1-0"]
[Round "05"]
[TimeControl "180+1"]
[Date "2021.06.15"]
[WhiteClock "0:00:07"]
[BlackClock "0:00:02"]

1. e4 c5 2. Nf3 d6 3. c3 Nf6 4. Bd3 Bg4 5. h3 Bxf3 6. Qxf3 Nc6 7. Bc2 g6 8. O-O Bg7 9. Qd1 Nd7 10. d3 b5 11. Be3 Qb6 12. Nd2 O-O 13. f4 b4 14. Nc4 Qc7 15. Qe1 Nb6 16. Bb3 bxc3 17. bxc3 Nxc4 18. Bxc4 Na5 19. Bd5 Rae8 20. f5 e6 21. f6 Bh8 22. Bb3 c4 23. Ba4 cxd3 24. Bxe8 Rxe8 25. Rd1 Qc4 26. Bxa7 Nc6 27. Qe3 Qxa2 28. Bb6 Qb3 29. Rxd3 Ne5 30. Rxd6 Nc4 31. Qd4 Nxd6 32. Qxd6 Qxc3 33. Bd4 Qc8 34. e5 h6 35. Qc5 Qa8 36. Be3 Kh7 37. Qd4 Qa5 38. Qf4 Kg8 39. h4 h5 40. Qg3 Qd5 41. Bf4 Qe4 42. Qf3 Qd4+ 43. Qe3 Qd5 44. Rc1 Qb5 45. Qc5 Qa4 46. g3 Qa8 47. Qc6 Qd8 48. Kh2 Qd4 49. Qxe8+ 1-0


[Site "https://www.chess.com"]

[Event "Titled Tuesday Blitz June 15 2021"]
[White "Bon, Michael"]
[Black "Tsaruk, Maksim"]
[WhiteFideId "620696"]
[BlackFideId "13511173"]
[WhiteElo "2453"]
[BlackElo "2197"]
[Result "0-1"]
[Round "05"]
[TimeControl "180+1"]
[Date "2021.06.15"]
[WhiteClock "0:00:07"]
[BlackClock "0:00:21"]

1. e4 e5 2. Nf3 Nf6 3. Nxe5 d6 4. Nf3 Nxe4 5. d4 d5 6. Bd3 Be7 7. O-O O-O 8. Re1 Nf6 9. c3 Bg4 10. Nbd2 c5 11. Nf1 cxd4 12. cxd4 Nc6 13. Be3 Bb4 14. N1d2 Bxd2 15. Qxd2 Bxf3 16. gxf3 Nh5 17. Bg5 Qd6 18. Kh1 Rae8 19. Rg1 f6 20. Bh6 Kh8 21. Bxg7+ Nxg7 22. Qh6 Nf5 23. Bxf5 Qc7 24. Rg4 Qe7 25. Rag1 Rf7 26. Qh5 Ref8 27. Rh4 Rg8 28. Rxg8+ Kxg8 29. Rg4+ Kh8 30. h4 a5 31. Kg2 Rg7 32. Rxg7 Qxg7+ 33. Qg4 Nxd4 34. Bc8 b6 35. Qxg7+ Kxg7 36. Bb7 Ne2 37. Bxd5 Nf4+ 38. Kg3 Nxd5 39. Kg4 f5+ 40. Kxf5 Nb4 41. Ke5 Nxa2 42. Kd5 Nb4+ 43. Kd6 Nd3 44. Kc7 Nxb2 45. Kxb6 a4 46. Ka5 a3 0-1


[Site "https://www.chess.com"]

[Event "Titled Tuesday Blitz June 15 2021"]
[White "Chigaev, Maksim"]
[Black "Javakhadze, Zurab"]
[WhiteFideId "4108116"]
[BlackFideId "13603647"]
[WhiteElo "2646"]
[BlackElo "2381"]
[Result "1-0"]
[Round "05"]
[TimeControl "180+1"]
[Date "2021.06.15"]
[WhiteClock "0:00:09"]
[BlackClock "0:00:08"]

1. d4 Nf6 2. Bg5 e6 3. Nd2 d5 4. e3 Nbd7 5. c3 b6 6. Bd3 Bb7 7. f4 h6 8. Bxf6 Nxf6 9. Ngf3 Bd6 10. Ne5 g5 11. Qf3 gxf4 12. Qxf4 Bxe5 13. Qxe5 Rg8 14. O-O Ng4 15. Qf4 f5 16. h3 Nf6 17. Bxf5 exf5 18. Qxf5 Rf8 19. Qg6+ Ke7 20. Rf5 Qd6 21. Raf1 Bc8 22. Rxf6 Qxf6 23. Rxf6 Rxf6 24. Qg7+ Rf7 25. Qe5+ Be6 26. Qxc7+ Kf8 27. Qe5 Re8 28. Qh8+ Ke7 29. Qxh6 Rg8 30. e4 Rf6 31. Qh4 Kf7 32. e5 Rfg6 33. Qf2+ Ke8 34. Kh2 Rf8 35. Qe2 Rfg8 36. Nf1 Bf5 37. Ne3 Be6 38. c4 dxc4 39. d5 Bc8 40. Qxc4 Kd8 41. d6 R6g7 42. e6 Bb7 43. g4 Rf8 44. e7+ 1-0


[Site "https://www.chess.com"]

[Event "Titled Tuesday Blitz June 15 2021"]
[White "Colas, Joshua"]
[Black "Toncheva, Nadya"]
[WhiteFideId "2044447"]
[BlackFideId "2924056"]
[WhiteElo "2347"]
[BlackElo "1920"]
[Result "1-0"]
[Round "05"]
[TimeControl "180+1"]
[Date "2021.06.15"]
[WhiteClock "0:00:54"]
[BlackClock "0:00:02"]

1. Nf3 c5 2. c4 Nc6 3. Nc3 g6 4. g3 Bg7 5. Bg2 e6 6. O-O Nge7 7. a3 O-O 8. Rb1 d5 9. cxd5 exd5 10. d3 h6 11. Bd2 Be6 12. b4 c4 13. b5 Ne5 14. Nxe5 Bxe5 15. dxc4 dxc4 16. Bxb7 Rb8 17. Bg2 Nf5 18. Qc1 h5 19. Bf4 Bxf4 20. Qxf4 Qd4 21. Qxd4 Nxd4 22. a4 Rfe8 23. e3 Nb3 24. Rbd1 Nc5 25. Bc6 Red8 26. a5 Nd3 27. Rb1 Bf5 28. e4 Bh3 29. Rfd1 Bg4 30. Rd2 Ne5 31. Rxd8+ Rxd8 32. Bd5 Nf3+ 33. Kg2 Nd4 34. b6 Bf3+ 35. Kf1 axb6 36. a6 Nb3 37. Rb2 Rd7 38. Nb5 Nc5 39. a7 1-0


[Site "https://www.chess.com"]

[Event "Titled Tuesday Blitz June 15 2021"]
[White "De Silva, L M S T"]
[Black "Tomb, Maroun"]
[WhiteFideId "9953698"]
[BlackFideId "5300398"]
[WhiteElo "1621"]
[BlackElo "2544"]
[Result "1/2-1/2"]
[Round "05"]
[TimeControl "180+1"]
[Date "2021.06.15"]
[WhiteClock "0:01:41"]
[BlackClock "0:00:32"]

1. e4 d6 2. d4 Nf6 3. Nc3 e5 4. Nf3 Nbd7 5. Bc4 Be7 6. O-O c6 7. a4 h6 8. h3 Qc7 9. Qe2 Nf8 10. dxe5 dxe5 11. Rd1 Ng6 12. Be3 O-O 13. a5 Nh5 14. Qf1 Nhf4 15. Ne2 Nxe2+ 16. Qxe2 Bb4 17. a6 b5 18. Bb3 Qe7 19. c4 Bc5 20. cxb5 Bxe3 21. fxe3 cxb5 22. Qxb5 Rb8 23. Qa4 Bxa6 24. Bxf7+ Qxf7 25. Qxa6 Rxb2 26. Qxa7 Rxg2+ 27. Kxg2 Qxf3+ 28. Kh2 Qf2+ 29. Kh1 Rf3 30. Qa8+ Kh7 31. Qc8 Rg3 32. Rg1 Qf3+ 33. Kh2 Qf2+ 34. Kh1 Qf3+ 35. Kh2 Qf2+ 36. Kh1 1/2-1/2


[Site "https://www.chess.com"]

[Event "Titled Tuesday Blitz June 15 2021"]
[White "Dobrov, Vladimir"]
[Black "Stribuk, Artiom"]
[WhiteFideId "4136594"]
[BlackFideId "13515659"]
[WhiteElo "2614"]
[BlackElo "2177"]
[Result "0-1"]
[Round "05"]
[TimeControl "180+1"]
[Date "2021.06.15"]
[WhiteClock "0:01:08"]
[BlackClock "0:00:22"]

1. d4 Nf6 2. c4 g6 3. Nc3 d5 4. cxd5 Nxd5 5. e4 Nxc3 6. bxc3 Bg7 7. Nf3 c5 8. Rb1 O-O 9. Be2 cxd4 10. cxd4 Qa5+ 11. Bd2 Qxa2 12. O-O b6 13. Qc1 Qe6 14. Ng5 Qc6 15. Qb2 Ba6 16. Bxa6 Nxa6 17. Qa3 Nc7 18. Rfc1 Qd7 19. d5 Nb5 20. Qa4 a6 21. Nf3 Rfc8 22. Rxc8+ Qxc8 23. h3 Qc5 24. Be3 Nc3 25. Bxc5 Nxa4 26. Bd6 exd6 0-1


[Site "https://www.chess.com"]

[Event "Titled Tuesday Blitz June 15 2021"]
[White "Drygalov, Sergey"]
[Black "Lodici, Lorenzo"]
[WhiteFideId "24171743"]
[BlackFideId "884189"]
[WhiteElo "2514"]
[BlackElo "2265"]
[Result "1-0"]
[Round "05"]
[TimeControl "180+1"]
[Date "2021.06.15"]
[WhiteClock "0:01:52"]
[BlackClock "0:00:58"]

1. d4 Nf6 2. Nf3 e6 3. c4 d5 4. Nc3 dxc4 5. e4 Bb4 6. Bxc4 Nxe4 7. O-O Nxc3 8. bxc3 Be7 9. Ne5 O-O 10. Qg4 Nc6 11. Bf4 Nxe5 12. dxe5 Bd7 13. Rad1 Qe8 14. Bh6 g6 15. Bxf8 Bxf8 16. Bd3 Bg7 17. Rfe1 Rb8 18. Qc4 Rc8 19. Be4 b5 20. Qc5 Bf8 21. Qxa7 Bc6 22. Qd4 Ra8 23. Re2 Ra4 24. Qd3 Bxe4 25. Rxe4 Rxa2 26. Rd4 Qc6 27. h4 Kg7 28. Rf4 h5 29. Qd7 Qxd7 30. Rxd7 Bc5 31. Rfxf7+ Kg8 32. Rf6 Bb6 33. Rxg6+ Kf8 34. Rf6+ Kg8 35. g4 hxg4 36. Kg2 Rc2 37. h5 Rxc3 38. h6 g3 39. h7+ Kh8 40. Rf8# 1-0


[Site "https://www.chess.com"]

[Event "Titled Tuesday Blitz June 15 2021"]
[White "Durarbayli, Vasif"]
[Black "Dmitrenko, Viktor"]
[WhiteFideId "13402935"]
[BlackFideId "14110270"]
[WhiteElo "2500"]
[BlackElo "2338"]
[Result "1-0"]
[Round "05"]
[TimeControl "180+1"]
[Date "2021.06.15"]
[WhiteClock "0:00:03"]
[BlackClock "0:00:03"]

1. e4 e6 2. d4 d5 3. e5 c5 4. c3 Nc6 5. Nf3 Bd7 6. Be2 Rc8 7. O-O a6 8. dxc5 Bxc5 9. Bf4 Nge7 10. Bd3 Ng6 11. Bg3 O-O 12. Nbd2 f5 13. exf6 Qxf6 14. Nb3 Bb6 15. Re1 Nf4 16. Nbd4 Nxd4 17. cxd4 Nxd3 18. Qxd3 Be8 19. Qb3 Rc6 20. Re5 Bc7 21. Re3 Rb6 22. Qa3 Bxg3 23. hxg3 Bh5 24. Rae1 Bg4 25. b3 Bxf3 26. Rxf3 Qd8 27. Rc1 Rxf3 28. gxf3 Qe8 29. Rc7 Qd8 30. Qc5 Qd6 31. Qc2 h6 32. Rc8+ Kf7 33. Qh7 Qd7 34. Qg8+ Kf6 35. Qf8+ Kg6 36. Re8 Rc6 37. Re7 Rc1+ 38. Kg2 1-0


[Site "https://www.chess.com"]

[Event "Titled Tuesday Blitz June 15 2021"]
[White "Eljanov, Pavel"]
[Black "Sarana, Alexey"]
[WhiteFideId "14102951"]
[BlackFideId "24133795"]
[WhiteElo "2602"]
[BlackElo "2629"]
[Result "0-1"]
[Round "05"]
[TimeControl "180+1"]
[Date "2021.06.15"]
[WhiteClock "0:00:44"]
[BlackClock "0:00:11"]

1. Nf3 Nf6 2. g3 d5 3. Bg2 g6 4. O-O Bg7 5. d4 O-O 6. c4 c6 7. Qb3 Qb6 8. Nc3 Rd8 9. Bd2 Bf5 10. Na4 Qxb3 11. axb3 Nbd7 12. Rfc1 Rdc8 13. Nc3 a6 14. Be1 h5 15. e3 Bd3 16. cxd5 Nxd5 17. Nd2 e6 18. Nc4 Bf8 19. Ne4 Bxe4 20. Bxe4 Rab8 21. Kf1 N7f6 22. Bf3 Bb4 23. Bc3 Be7 24. e4 Nxc3 25. bxc3 Nd7 26. e5 Kg7 27. b4 Rc7 28. h4 Rd8 29. Be4 Rb8 30. f4 Nf8 31. Ke2 Nd7 32. Bf3 Rh8 33. Kf2 Bd8 34. Na5 Be7 35. Nb3 Nb6 36. Nc5 Rd8 37. Ke2 Nc4 38. Kd3 Nb2+ 39. Kc2 Nc4 40. Re1 Rb8 41. Be4 Rd8 42. Bd3 Nb6 43. Bf1 Nd5 44. Bg2 Bxc5 45. bxc5 Ne7 46. Be4 Ra8 47. Kb3 Rd8 48. Kb4 Rdd7 49. Ka5 Nc8 50. Rab1 Rd8 51. Rb2 Kf8 52. Reb1 Rdd7 53. Rd1 Ke7 54. c4 Rd8 55. Rbd2 Rcd7 56. Kb4 Kf8 57. d5 cxd5 58. cxd5 Ne7 59. d6 Nf5 60. Bxf5 gxf5 61. Ka5 Rc8 62. Rc2 Rc6 63. Rb1 Ke8 64. Rxb7 Rxb7 0-1


[Site "https://www.chess.com"]

[Event "Titled Tuesday Blitz June 15 2021"]
[White "Enriquack"]
[Black "Aditya Mittal"]
[BlackFideId "35042025"]
[WhiteElo "2510"]
[BlackElo "2171"]
[Result "1/2-1/2"]
[Round "05"]
[TimeControl "180+1"]
[Date "2021.06.15"]
[WhiteClock "0:00:13"]
[BlackClock "0:00:03"]

1. e4 c5 2. Nf3 d6 3. d4 cxd4 4. Nxd4 Nf6 5. Nc3 a6 6. Bg5 e6 7. f4 Nbd7 8. Qe2 Qc7 9. O-O-O b5 10. a3 Bb7 11. g4 Be7 12. f5 e5 13. Bxf6 gxf6 14. Nb3 Rc8 15. h4 Nb6 16. Rh3 Na4 17. Qd2 Qb6 18. Nd5 Bxd5 19. exd5 Rg8 20. Be2 Nc5 21. Na5 Ne4 22. Qe1 Nf2 23. Rc3 Rxc3 24. Qxc3 Nxd1 25. Bxd1 Qc5 26. Qd2 Bd8 27. Nc6 Bb6 28. Kb1 Kd7 29. Qh6 Qg1 30. Qxh7 Qxd1+ 31. Ka2 Qxd5+ 32. b3 Rc8 33. Nb4 Qe4 34. Qxf7+ Kd8 35. Qxf6+ Kc7 36. Qe7+ Kb8 37. Qxd6+ Kb7 38. Qd7+ Rc7 39. Qd3 Qxd3 40. cxd3 a5 41. Nd5 Rc2+ 42. Kb1 Rh2 43. f6 Rxh4 44. f7 Bc5 45. b4 axb4 46. axb4 Bf8 47. Nf6 Kc7 48. g5 Kd8 49. g6 Ke7 50. Nh7 Rxh7 51. gxh7 Bg7 52. Kc2 Kxf7 53. Kd2 Kg6 54. Ke3 Kxh7 55. Ke4 Kg6 56. Kd5 Kf5 57. Kc5 Kf4 58. Kxb5 Ke3 59. Kc4 Bf8 60. b5 Bd6 61. b6 Bb8 62. b7 Bc7 63. Kc3 Bb8 64. Kc4 Ba7 65. Kc3 Ke2 66. Kc4 Ke3 67. Kc3 Bb8 68. Kc4 1/2-1/2


[Site "https://www.chess.com"]

[Event "Titled Tuesday Blitz June 15 2021"]
[White "Eternauta2400"]
[Black "Fier, Alexandr"]
[BlackFideId "2107139"]
[WhiteElo "2500"]
[BlackElo "2569"]
[Result "0-1"]
[Round "05"]
[TimeControl "180+1"]
[Date "2021.06.15"]
[WhiteClock "0:00:48"]
[BlackClock "0:00:52"]

1. e4 c5 2. c3 a6 3. d4 cxd4 4. cxd4 d5 5. exd5 Nf6 6. Nc3 Nxd5 7. Nf3 Nc6 8. Bd3 Bg4 9. Be4 e6 10. h3 Bh5 11. O-O Be7 12. Bxd5 exd5 13. Qd3 O-O 14. Ne5 Bg6 15. Nxg6 hxg6 16. Be3 Qd7 17. Rac1 Rac8 18. a3 Na5 19. Rc2 Rfd8 20. Rfc1 Bf8 21. b4 Nc6 22. Nd1 Ne7 23. Nb2 Nf5 24. Bf4 Rxc2 25. Rxc2 Rc8 26. Rc3 Qe8 27. Rxc8 Qxc8 28. Nd1 Qc6 29. Nc3 Qc4 30. Qxc4 dxc4 31. d5 f6 32. g4 Nd4 33. Be3 Nc2 34. Bc5 Nxa3 35. d6 Kf7 36. d7 Be7 37. Bb6 Ke6 38. d8=Q Bxd8 39. Bxd8 Nc2 40. b5 axb5 41. Nxb5 Kd5 42. Be7 Kc6 43. Nc3 b5 44. Kf1 b4 45. Nd1 Kd5 46. Ke2 Nd4+ 47. Ke3 f5 48. gxf5 Nxf5+ 0-1


[Site "https://www.chess.com"]

[Event "Titled Tuesday Blitz June 15 2021"]
[White "Florescu, Codrut-Constantin"]
[Black "Harutyunyan, Tigran K."]
[WhiteFideId "1202200"]
[BlackFideId "13303635"]
[WhiteElo "2243"]
[BlackElo "2444"]
[Result "0-1"]
[Round "05"]
[TimeControl "180+1"]
[Date "2021.06.15"]
[WhiteClock "0:00:44"]
[BlackClock "0:01:26"]

1. d4 Nf6 2. c4 e6 3. Nc3 d5 4. cxd5 Nxd5 5. e3 c5 6. Nf3 cxd4 7. exd4 Bb4 8. Bd2 Nc6 9. Bd3 O-O 10. O-O Be7 11. Re1 Nf6 12. Be3 b6 13. a3 Bb7 14. Bc2 Rc8 15. Qd3 Re8 16. Bg5 g6 17. Rad1 Nd5 18. Bxe7 Rxe7 19. Ne4 Rd7 20. Ba4 Kg7 21. Ne5 Rdc7 22. Bxc6 Bxc6 23. g3 Ba4 24. Rd2 Rc1 25. Rxc1 Rxc1+ 26. Kg2 Qc7 27. h4 f6 28. Nf3 Bc6 29. Rc2 Rxc2 30. Qxc2 h5 31. b4 Qb7 32. Ned2 Ne7 33. a4 Nf5 34. b5 Bxf3+ 35. Nxf3 Qxf3+ 0-1


[Site "https://www.chess.com"]

[Event "Titled Tuesday Blitz June 15 2021"]
[White "Gabrielian, Artur"]
[Black "Svane, Rasmus"]
[WhiteFideId "4131002"]
[BlackFideId "4657101"]
[WhiteElo "2539"]
[BlackElo "2669"]
[Result "0-1"]
[Round "05"]
[TimeControl "180+1"]
[Date "2021.06.15"]
[WhiteClock "0:00:53"]
[BlackClock "0:00:07"]

1. e4 c6 2. d4 d5 3. e5 Bf5 4. h4 h5 5. Bd3 Bxd3 6. Qxd3 Qa5+ 7. Nc3 e6 8. Ne2 Ne7 9. O-O Nf5 10. g3 Qa6 11. Qf3 Be7 12. Nd1 c5 13. dxc5 Nc6 14. Bf4 Ncd4 15. Nxd4 Nxd4 16. Qd3 Qxd3 17. cxd3 Ne2+ 18. Kg2 Nxf4+ 19. gxf4 Bxc5 20. Rc1 Bb6 21. Nc3 Kd7 22. Na4 Bd4 23. Nc5+ Bxc5 24. Rxc5 Rhc8 25. Rfc1 Rxc5 26. Rxc5 Rc8 27. Rxc8 Kxc8 28. Kf3 Kd7 29. Ke3 b6 30. Kd4 Kc6 31. a4 a5 32. Kc3 Kc5 33. d4+ Kc6 34. b3 Kd7 35. Kd3 Ke7 36. Ke3 Kf8 37. f5 exf5 38. Kf4 g6 39. Kg5 Ke7 40. f4 Ke6 41. Kh6 Kd7 42. Kg7 Ke7 43. Kh6 Ke6 44. Kg7 g5 0-1


[Site "https://www.chess.com"]

[Event "Titled Tuesday Blitz June 15 2021"]
[White "Gledura, Benjamin"]
[Black "Kamsky, Gata"]
[WhiteFideId "712779"]
[BlackFideId "2000024"]
[WhiteElo "2377"]
[BlackElo "2644"]
[Result "1/2-1/2"]
[Round "05"]
[TimeControl "180+1"]
[Date "2021.06.15"]
[WhiteClock "0:00:20"]
[BlackClock "0:00:31"]

1. Nf3 Nf6 2. g3 g6 3. Bg2 Bg7 4. O-O O-O 5. d4 d5 6. Ne5 c6 7. f4 Bf5 8. Nd2 Qc8 9. c3 Bh3 10. e3 Bxg2 11. Kxg2 Nbd7 12. b3 c5 13. Ba3 b6 14. Qe2 a5 15. Rac1 Qb7 16. Qb5 Rfc8 17. h3 a4 18. bxa4 Ra5 19. Qb3 Qa8 20. g4 Rxa4 21. Nb1 e6 22. g5 Nxe5 23. fxe5 Ne4 24. Qxb6 Rxa3 25. Nxa3 Qxa3 26. Rc2 Rf8 27. h4 h6 28. h5 Nxg5 29. hxg6 fxg6 30. Rxf8+ Bxf8 31. Rf2 cxd4 32. exd4 Qxc3 33. Rxf8+ Kxf8 34. Qd8+ Kf7 35. Qd7+ Kg8 36. Qd8+ Kg7 37. Qf6+ Kh7 38. Qe7+ Kg8 39. Qd8+ Kf7 40. Qd7+ Kf8 41. Qd8+ Kg7 42. Qf6+ Kh7 43. Qe7+ Kg8 44. Qd8+ 1/2-1/2


[Site "https://www.chess.com"]

[Event "Titled Tuesday Blitz June 15 2021"]
[White "Grineva, Marianna"]
[Black "Shapiro, David"]
[WhiteFideId "14102013"]
[BlackFideId "24133523"]
[WhiteElo "1925"]
[BlackElo "2234"]
[Result "1-0"]
[Round "05"]
[TimeControl "180+1"]
[Date "2021.06.15"]
[WhiteClock "0:00:19"]
[BlackClock "0:00:01"]

1. e4 c6 2. d4 d5 3. e5 Bf5 4. h4 h5 5. Bd3 Bxd3 6. Qxd3 e6 7. Bg5 Qb6 8. Nd2 Nh6 9. Bxh6 Rxh6 10. Ne2 Nd7 11. c4 Bb4 12. O-O-O Qa6 13. a3 Bxd2+ 14. Rxd2 Qxc4+ 15. Qxc4 dxc4 16. Nc3 Rg6 17. g3 Rg4 18. Re1 c5 19. d5 O-O-O 20. dxe6 fxe6 21. Red1 Rd4 22. Nb5 Nxe5 23. Nxd4 cxd4 24. Re2 Nd3+ 25. Kb1 e5 26. b3 b5 27. a4 Nb4 28. Rxe5 c3 29. Rc5+ Kb7 30. Rxb5+ Ka6 31. Rxb4 d3 32. Re1 c2+ 33. Kb2 Rd6 34. Rf1 Re6 35. Rd4 Rc6 36. Rxd3 1-0


[Site "https://www.chess.com"]

[Event "Titled Tuesday Blitz June 15 2021"]
[White "Grunberg, Mihai-Lucian"]
[Black "Shipov, Sergei"]
[WhiteFideId "1204149"]
[BlackFideId "4113624"]
[WhiteElo "2364"]
[BlackElo "2777"]
[Result "0-1"]
[Round "05"]
[TimeControl "180+1"]
[Date "2021.06.15"]
[WhiteClock "0:00:08"]
[BlackClock "0:01:35"]

1. Nf3 d5 2. c4 e6 3. g3 dxc4 4. Bg2 c6 5. O-O b5 6. a4 Bb7 7. b3 cxb3 8. Qxb3 b4 9. d4 a5 10. Nbd2 c5 11. Bb2 Nd7 12. e4 Ngf6 13. d5 exd5 14. exd5 Bxd5 15. Rfe1+ Be7 16. Qe3 Ra6 17. Ng5 Bxg2 18. Kxg2 h6 19. Nge4 O-O 20. Rad1 Re6 21. Qf3 Qc7 22. Nc4 Rxe4 23. Rxe4 Nxe4 24. Qxe4 Bf6 25. Qg4 Bxb2 26. Rxd7 Qc6+ 27. Kg1 Bd4 28. Nd6 b3 29. Nf5 Qf6 30. Rd6 b2 31. Rxf6 b1=Q+ 32. Kg2 Bxf6 0-1


[Site "https://www.chess.com"]

[Event "Titled Tuesday Blitz June 15 2021"]
[White "Guliev, Logman"]
[Black "Morefield, Jason"]
[WhiteFideId "13400061"]
[BlackFideId "30920825"]
[WhiteElo "2128"]
[BlackElo "2171"]
[Result "0-1"]
[Round "05"]
[TimeControl "180+1"]
[Date "2021.06.15"]
[WhiteClock "0:00:44"]
[BlackClock "0:01:54"]

1. e4 c5 2. Nf3 d6 3. d4 cxd4 4. Nxd4 Nf6 5. Nc3 Nc6 6. Bg5 e6 7. Qd2 Bd7 8. O-O-O Be7 9. f4 Nxd4 10. Qxd4 Bc6 11. Bc4 Qa5 12. e5 dxe5 13. fxe5 Rd8 14. Qh4 Rxd1+ 15. Rxd1 Qxe5 16. Re1 Qa5 17. Bd3 h6 18. Kb1 Qxg5 0-1


[Site "https://www.chess.com"]

[Event "Titled Tuesday Blitz June 15 2021"]
[White "Henderson de La Fuente, Lance"]
[Black "Kislov, Oleg"]
[WhiteFideId "32096585"]
[BlackFideId "13503774"]
[WhiteElo "2280"]
[BlackElo "2252"]
[Result "0-1"]
[Round "05"]
[TimeControl "180+1"]
[Date "2021.06.15"]
[WhiteClock "0:00:13"]
[BlackClock "0:00:18"]

1. e4 c5 2. Nc3 Nc6 3. Bb5 g6 4. Bxc6 dxc6 5. Nf3 Bg7 6. d3 e5 7. Be3 Qe7 8. O-O Nf6 9. a3 O-O 10. Rb1 a5 11. Na4 Nd7 12. Nd2 b5 13. Nc3 a4 14. Nf3 Rd8 15. Re1 Nf8 16. Qe2 Ne6 17. Qf1 Nd4 18. Bxd4 cxd4 19. Ne2 c5 20. c3 Be6 21. cxd4 cxd4 22. Rec1 Rdc8 23. Rxc8+ Rxc8 24. Rc1 Qd7 25. Rxc8+ Qxc8 26. Qc1 Qxc1+ 27. Nxc1 f6 28. Kf1 Bf8 29. Ke1 b4 30. axb4 Bxb4+ 31. Kd1 Kf7 32. Nd2 h5 33. Nc4 Ke7 34. Ne2 g5 35. Ng3 Kd7 36. f3 Kc6 37. Nd2 h4 38. Nf5 Bxf5 39. exf5 Bxd2 40. Kxd2 Kb5 41. Kc1 Kc5 42. Kd1 Kb4 43. Kc2 a3 44. bxa3+ Kxa3 45. g3 hxg3 46. hxg3 Ka2 47. Kd2 Kb2 48. Ke2 Kc2 49. f4 exf4 50. gxf4 g4 0-1


[Site "https://www.chess.com"]